 Dungeon Crawl Stone Soup version 0.19.1 (webtiles) character file.

144 Mefis the Magician (level 5, 0/28 HPs)
             Began as a Deep Elf Wizard on Dec 9, 2016.
             Killed from afar by an orc wizard (10 damage)
             ... with a magic dart
             ... on level 4 of the Dungeon.
             The game lasted 00:08:28 (3744 turns).

Mefis the Magician (Deep Elf Wizard)                Turns: 3744, Time: 00:08:29

Health: 0/28       AC:  2    Str:  8    XL:     5   Next: 5%
Magic:  1/15       EV: 13    Int: 29    God:
Gold:   224        SH:  0    Dex: 13    Spells: 6 memorised, 3 levels left

rFire  . . .     SeeInvis .     i - +0 dagger
rCold  . . .     Gourm    .     a - +0 robe
rNeg   . . .     Faith    .     (no shield)
rPois  .         Spirit   .     b - +0 hat
rElec  .         Reflect  .     (no cloak)
rCorr  .         Harm     .     (no gloves)
MR     .....                    (no boots)
Stlth  ++........               (no amulet)
                                q - +4 ring of strength
                                w - +5 ring of intelligence

@: repel missiles
A: no striking features
a: no special abilities


You were on level 4 of the Dungeon.
You were not hungry.

You visited 1 branch of the dungeon, and saw 4 of its levels.

You collected 224 gold pieces.

Inventory:

Hand Weapons
 i - a +0 dagger (weapon)
Missiles
 e - 40 sling bullets
 n - 16 bolts
Armour
 a - a +0 robe (worn)
 b - a +0 hat (worn)
Jewellery
 l - an uncursed ring of flight
 q - a +4 ring of strength (right hand)
 w - a +5 ring of intelligence (left hand)
 y - an uncursed ring of poison resistance {unknown}
Scrolls
 f - a scroll of remove curse {unknown}
 g - 4 scrolls of identify {unknown}
 m - 2 scrolls of enchant armour {unknown}
 r - a scroll of noise {unknown}
 v - a scroll of enchant weapon {unknown}
Potions
 h - a potion of berserk rage {unknown}
 k - 2 potions of curing {unknown}
 o - a potion of degeneration {unknown}
 p - a potion of ambrosia {unknown}
 t - 2 potions of brilliance {unknown}
Books
 c - a book of Minor Magic

   Spells                             Type                      Level
   a - Magic Dart                     Conjuration                  1
   b - Blink                          Translocation                2
   c - Call Imp                       Summoning                    2
   d - Repel Missiles                 Charms/Air                   2
   e - Slow                           Hexes                        2
   f - Conjure Flame                  Conjuration/Fire             3
   g - Mephitic Cloud                 Conjuration/Poison/Air       3
 u - a book of Maledictions

   Spells                             Type                      Level
   a - Corona                         Hexes                        1
   b - Ensorcelled Hibernation        Hexes/Ice                    2
   c - Confuse                        Hexes                        3
   d - Tukima's Dance                 Hexes                        3
   e - Dazzling Spray                 Conjuration/Hexes            3
Comestibles
 d - a bread ration
 j - a meat ration
 s - a beef jerky
 x - a royal jelly
 A - a slice of pizza


   Skills:
 + Level 3.0 Dodging
 + Level 3.1 Stealth
 * Level 5.5 Spellcasting
 + Level 2.3 Conjurations
 + Level 1.0 Hexes
 + Level 2.0 Summonings
 - Level 1.1 Translocations
 + Level 1.2 Air Magic
 + Level 1.2 Poison Magic


You had 3 spell levels left.
You knew the following spells:

 Your Spells              Type           Power        Failure   Level  Hunger
a - Magic Dart            Conj           ###.         2%          1    None
b - Call Imp              Summ           ###.....     4%          2    None
c - Blink                 Tloc           N/A          10%         2    None
d - Repel Missiles        Chrm/Air       ##....       10%         2    None
e - Mephitic Cloud        Conj/Pois/Air  ###.....     12%         3    None
f - Slow                  Hex            ##......     10%         2    None


Dungeon Overview and Level Annotations

Branches:
Dungeon (4/15)
 Temple: D:4-7

Altars:


Message History

You butcher the leopard gecko corpse.
The orc is engulfed in noxious fumes.
The orc appears confused.
There is an open door here.
Things that are here:
2 chunks of flesh; a leopard gecko skeleton The orc wizard closely misses you.
The orc is engulfed in noxious fumes.
The orc appears confused.
The orc wizard shouts!
The orc wizard closely misses you.
The orc is engulfed in noxious fumes.
The orc appears confused.
Okay, then.
You aren't carrying any items that you can evoke.
The orc wizard gestures wildly while chanting.
The orc wizard blinks!
The orc wizard barely misses you.
The orc wizard gestures at you while chanting.
The magic dart hits you! The orc wizard casts a spell at you.
The magic dart hits you!
You die...

#.# #.# #####.########
##+## #.....(......#
##...##
#.###..#.###.###.....##
#......#.##.......#
##.....#.#.........
#.......%.........
#.####..o..#.#.........
#.....@......##.....).#
##########.#####.....##
#.# ##...## ..# ##+##
####


You could see an orc wizard.

Vanquished Creatures
  2 worker ants (D:3)
  An adder (D:4)
  An ooze (D:1)
  An adder skeleton (D:3)
  2 worms (D:3)
  2 dart slugs
  3 leopard geckos
  An orc (D:3)
  7 bats
  5 giant cockroaches
  7 goblins
  8 hobgoblins
  4 jackals
  3 quokkas
  A ball python (D:3)
  3 frilled lizards
  8 kobolds
  7 rats
66 creatures vanquished.

Notes
Turn   | Place    | Note
-------+----------+-------------------------------------------
     0 | D:1      | Mefis the Deep Elf Wizard began the quest for the Orb.
     0 | D:1      | Reached XP level 1. HP: 10/10 MP: 7/7
   385 | D:1      | Reached XP level 2. HP: 15/15 MP: 6/9
   389 | D:1      | Learned a level 2 spell: Call Imp
   392 | D:1      | Learned a level 2 spell: Blink
   395 | D:1      | Learned a level 2 spell: Repel Missiles
   576 | D:1      | Reached skill level 5 in Spellcasting
  1175 | D:1      | Reached XP level 3. HP: 18/19 MP: 5/11
  1180 | D:1      | Learned a level 3 spell: Mephitic Cloud
  1183 | D:1      | Learned a level 2 spell: Slow
  2103 | D:2      | You fall through a shaft!
  2111 | D:3      | Reached XP level 4. HP: 24/24 MP: 4/13
  2679 | D:3      | Reached skill level 1 in Air Magic
  2679 | D:3      | Reached skill level 1 in Poison Magic
  2701 | D:3      | HP: 1/24 [poisoned by a worker ant]
  3335 | D:4      | Reached skill level 1 in Hexes
  3335 | D:4      | Reached XP level 5. HP: 28/28 MP: 10/15
  3336 | D:4      | Noticed a hippogriff
  3389 | D:4      | HP: 1/28 [hippogriff (6)]
  3744 | D:4      | Killed from afar by an orc wizard

Skill      XL: |  1  2  3  4 |
---------------+-------------+-----
Spellcasting   | 5 |  5.5
Conjurations   | 2 |  2.3
Stealth        | 3 |  3.1
Summonings     | 2 |  2.0
Air Magic      | 1 |  1.2
Poison Magic   | 1 |  1.2
Dodging        | 3 |  3.0
Hexes          | 1 |  1.0
Translocations | |  1.1

Action                   |  1- 3 |  4- 6 || total
-------------------------+-------+-------++-------
Melee: Unarmed           |     8 |       ||     8
       Dagger            |     2 |     3 ||     5
 Cast: Magic Dart        |   114 |    82 ||   196
       Repel Missiles    |     2 |       ||     2
       Mephitic Cloud    |       |     4 ||     4
       Call Imp          |       |     2 ||     2
       Blink             |       |     1 ||     1
  Use: Potion            |       |     1 ||     1
 Stab: Sleeping          |       |     1 ||     1
  Eat: Chunk             |     3 |     5 ||     8
Armor: Robe              |    13 |     3 ||    16
Dodge: Dodged            |    41 |    26 ||    67
       Deflected         |     4 |     2 ||     6
